 Seeded DCSS version 0.27-a0-1529-g1e82c30 (webtiles) character file.

Game seed: 5311270035814185055 (custom seed)

1656 Illumine the Slasher (level 9, 0/52 (55) HPs)
             Began as a Tengu Berserker on July 11, 2021.
             Was an Elder of Trog.
             Slain by a wight (9 damage)
             ... on level 6 of the Dungeon.
             The game lasted 00:14:49 (6656 turns).

Illumine the Slasher (Tengu Berserker)              Turns: 6656, Time: 00:14:50

HP:   0/52 (55)     AC:  7    Str: 21    XL:     9   Next: 0%
MP:   10/10         EV: 14    Int:  7    God:    Trog [****..]
Gold: 287           SH:  0    Dex: 14    Spells: 8/8 levels left

rFire    . . .     SeeInvis .   A - +0 long sword
rCold    . . .     Faith    .   (no shield)
rNeg     . . .     Spirit   .   k - +0 ring mail
rPois    .         Reflect  .   (helmet restricted)
rElec    .         Harm     .   (no cloak)
rCorr    .         Rampage  .   m - +0 pair of gloves
Will     ++...                  (boots unavailable)
Stlth    +.........             (no amulet)
HPRegen  1.17/turn              (no ring)
MPRegen  0.12/turn              (no ring)

@: strong-willed, on berserk cooldown, flying quickly and evasively,
regenerating, slowed, drained, very slow
A: beak, talons 3, nimble flight
a: Renounce Religion, Berserk, Trog's Hand, Brothers in Arms


You were on level 6 of the Dungeon.
You worshipped Trog.
Trog was greatly pleased with you.
You visited 1 branch of the dungeon, and saw 6 of its levels.
You also visited: Ossuary.

You collected 287 gold pieces.

Inventory:

Hand Weapons
 a - a +0 short sword
 v - a +2 dagger of venom
 A - a +0 long sword (weapon)
Missiles
 l - 166 stones
 s - 7 datura-tipped darts
 u - 8 boomerangs (quivered)
 x - 34 bolts
 y - 55 arrows
Armour
 k - a +0 ring mail (worn)
 m - a +0 pair of gloves (worn)
Jewellery
 q - a ring of fire
Wands
 z - a wand of charming (9)
Scrolls
 c - 2 scrolls of magic mapping
 e - a scroll of fog
 h - a scroll of noise {unknown}
 j - a scroll of holy word {unknown}
 o - a scroll of enchant armour {unknown}
 w - a scroll of brand weapon {unknown}
Potions
 b - a potion of attraction
 d - a potion of resistance
 f - 3 potions of berserk rage
 g - a potion of curing
 i - 2 potions of invisibility
 n - 2 potions of heal wounds
 p - a potion of flight {unknown}
 r - a potion of lignification {unknown}
 t - a potion of might {unknown}
 B - a potion of ambrosia {unknown}
 C - a potion of haste {unknown}


   Skills:
 + Level 6.2 Fighting
 - Level 6.1(7.4) Short Blades
 * Level 6.4(7.6) Long Blades
 + Level 6.2 Armour
 + Level 3.2 Dodging


You had 8 spell levels left.
You didn't know any spells.
Your spell library was empty.

Dungeon Overview and Level Annotations

Branches:
Dungeon (6/15)             Temple (0/1) D:6         Ossuary (visited)

Altars:
Kikubaaqudgha
Yredelemnul
Zin

Shops:
D:1 :   D:3 :=


Innate Abilities, Weirdness & Mutations

You have a beak for a mouth.
You have claws for feet.
Your magical nature lets you fly swiftly and evasively.


Message History

The wight is moderately damaged.
The wight closely misses you. x3
The wight hits you from afar with a +3 trident of freezing.
The wight freezes you.
You slash the wight!
The wight is almost destroyed.
The wight barely misses you.
The wight hits you from afar with a +3 trident of freezing!
You feel drained. The wight freezes you.
You barely miss the wight. You claw the wight.
You destroy the wight!
Trog accepts your kill.
The wight closely misses you. x2; You riposte.
You slash the wight! Your kick misses the wight.
The wight is severely damaged.
The wight closely misses you.
You have reached level 9!
Your experience leads to an increase in your attributes!
Increase (S)trength, (I)ntelligence, or (D)exterity?
You feel stronger.
You hit the wight. Your kick misses the wight.
The wight is severely damaged.
The wight closely misses you.
You riposte.
You hit the wight.
The wight is almost destroyed.
The wight completely misses you.
The wight hits you with a +0 great sword!
* * * LOW HITPOINT WARNING * * *
You barely miss the wight. Your peck misses the wight.
The wight is almost destroyed.
The wight misses you. The wight barely misses you.
The wight closely misses you.
Unknown command.
The wight hits you with a +0 great sword!
* * * LOW HITPOINT WARNING * * *
You feel drained.
* * * LOW HITPOINT WARNING * * *
Your skin crawls.
You feel strong-willed.
The wight hits you from afar with a +3 trident of freezing!
You die...

*,,,,,,,,,,,,****,**,,,,,,,,* *#
**,****,,****,,,,,,,,,,,>,*,,* *.
,,,,,**,,*##*,####*,**,**,*,,***,
**,*,,,,,,,..,,..#*,#*,**,,,,,,,,
,,,****,,***#.##.##.#*,****,,****
**,,,>,,,***#...)...#*,****,,*
**,*****,.....##z####*,,,....#
,*,* **###***#z# ****#..(# ##
,*,* *,,,,,* #@# #...# #.
,,,*****,***,* #.# #...# #.
,****,,,,.##.###.### #####...###.
,** *,,,,..........###...........
,,***,,,,..#.###)#...............
**,**,,,,,**,###.#####...........
**,*,,,,,,,,#......######...###.
*,*********#.#.##.######..)# ##
**,* #.#........[#.#.#


You could see 2 wights.

Vanquished Creatures
  A steam dragon (D:6)
  An orc warrior (D:6)
  3 ogres (D:5)
  2 necrophages
  A bullfrog (D:4)
  A scorpion (D:5)
  2 water moccasin zombies
  A wyvern skeleton (D:6)
  A water moccasin skeleton (D:6)
  A wight (D:6)
  2 bullfrog zombies (Ossuary)
  2 centaur zombies (Ossuary)
  2 orc priests
  2 bullfrog skeletons (D:5)
  An orc wizard (D:6)
  2 killer bee zombies
  6 mummies
  A hound skeleton (D:4)
  A howler monkey zombie (D:5)
  4 gnolls
  4 adders
  A shadow imp (D:6)
  An ufetubus (D:4)
  2 worms (D:4)
  A dart slug (D:1)
  22 orcs
  5 ball pythons
  6 bats
  7 endoplasms
  5 giant cockroaches
  3 hobgoblins
  15 jackals
  11 kobolds
  8 quokkas
  2 frilled lizards
  7 goblins
  A hobgoblin zombie (D:5)
  An orc zombie (D:5)
  5 rats
144 creatures vanquished.

Vanquished Creatures (others)
  A bat (D:3)
  A kobold (D:6)
  A rat (D:3)
  7 plants (D:6)
  5 withered plants (Ossuary)
15 creatures vanquished.

Grand Total: 159 creatures vanquished

Notes
Turn   | Place    | Note
-------+----------+-------------------------------------------
     0 | D:1      | Illumine the Tengu Berserker began the quest for the Orb.
     0 | D:1      | Reached XP level 1. HP: 14/14 MP: 2/2
   306 | D:1      | Reached XP level 2. HP: 17/19 MP: 3/3
   369 | D:1      | Found Ysim's Book Shoppe.
   692 | D:1      | Reached XP level 3. HP: 22/23 MP: 4/4
   844 | D:1      | Reached ** piety under Trog
  2391 | D:2      | Reached XP level 4. HP: 28/28 MP: 5/5
  2535 | D:2      | Found a faded altar of an unknown god.
  3010 | D:3      | Found Xeycitas's Jewellery Boutique.
  3176 | D:3      | Gained mutation: Your magical nature lets you fly swiftly
                  | and evasively. [Tengu growth]
  3176 | D:3      | Reached XP level 5. HP: 33/33 MP: 6/6
  3297 | D:3      | Noticed a necrophage
  3308 | D:3      | Killed a necrophage
  3309 | D:3      | Reached skill level 5 in Short Blades
  3476 | D:3      | Found Niar's Book Emporium.
  3652 | D:4      | Reached *** piety under Trog
  3653 | D:4      | Reached XP level 6. HP: 38/38 MP: 7/7
  4036 | D:4      | Found a basalt altar of Yredelemnul.
  4491 | D:5      | Entered Level 5 of the Dungeon
  4640 | D:5      | Reached skill level 1 in Long Blades
  4659 | D:5      | Reached XP level 7. HP: 44/44 MP: 8/8
  4943 | D:5      | Found a sand-covered staircase.
  4953 | Ossuary  | Entered an ossuary
  5019 | Ossuary  | Reached skill level 5 in Fighting
  5132 | Ossuary  | Reached skill level 5 in Armour
  5150 | Ossuary  | HP: 1/44 [bog mummy (15)]
  5160 | D:5      | Reached XP level 8. HP: 12/49 MP: 9/9
  5367 | D:5      | Reached **** piety under Trog
  5525 | D:5      | Reached skill level 5 in Long Blades
  6208 | D:5      | Found an ancient bone altar of Kikubaaqudgha.
  6208 | D:5      | Found a glowing silver altar of Zin.
  6653 | D:6      | Reached XP level 9. HP: 26/54 MP: 10/10
  6656 | D:6      | Slain by a wight

Illustrated notes

Levels and vault maps discovered:
D:1:      dpeg_arrival_boxes_within_box, layout_rooms, serial_shops,
          nicolae_lakefront_shop, item_on_display_a
D:2:      layout_loops_corners, shapermc_ecumenical_altar_mp_vishouse
D:3:      layout_loops_ring, serial_shops, nicolae_shop_crystal, shop,
          lemuel_old_faithful
D:4:      layout_rooms, mainiacjoe_overflow_six_doors_small,
          chequers_serial_rivers_large_a
D:5:      layout_loops_ring, nicolae_overflow_hidden_temple,
          nicolae_ossuary_entry_giza, amcnicky_mini_corridor_feature
D:6:      layout_loops_cross, minmay_temple_entry_gardened_gates

Skill      XL: |  1  2  3  4  5  6  7  8 |
---------------+-------------------------+-----
Short Blades   | 4 5 6 |  6.1
Armour         | 3 4 5 6 |  6.2
Fighting       | 4 5 6 |  6.2
Long Blades    | 1 4 6 |  6.4
Dodging        | 3 |  3.2

Action                   |  1- 3 |  4- 6 |  7- 9 || total
-------------------------+-------+-------+-------++-------
Melee: Short sword       |    99 |   104 |       ||   203
       Peck              |     9 |    26 |    41 ||    76
       Kick              |    17 |    47 |    62 ||   126
       Dagger            |       |    28 |     3 ||    31
       Long sword        |       |       |   129 ||   129
Throw: Stone             |       |     3 |       ||     3
Invok: Berserk           |     2 |     2 |     4 ||     8
       Trog's Hand       |       |       |     2 ||     2
  Use: Scroll            |     4 |     2 |     4 ||    10
       Potion            |       |       |     1 ||     1
 Stab: Invisible         |       |       |     4 ||     4
Armor: Animal skin       |    16 |     1 |       ||    17
       Ring mail         |       |    21 |    33 ||    54
Dodge: Dodged            |    51 |    74 |    99 ||   224
       Rpst.: Long sword |       |       |    27 ||    27

Table legend: (Time is in decaauts)
 A = Elapsed time spent in this place.
 B = Non-inter-level travel time spent in this place.
 C = Inter-level travel time spent in this place.
 D = Time resting spent in this place.
 E = Time spent auto-exploring this place.
 F = Levels seen in this place.
 G = Mean time per level.
                   A        B        C        D        E       F      G
               +--------+--------+--------+--------+--------+-----+--------+
         Total |   6518 |   6438 |     80 |   2181 |   3146 |   7 |  931.1 |
       Dungeon |   6295 |   6215 |     80 |   2032 |   3146 |   6 | 1049.2 |
       Ossuary |    223 |    223 |      0 |    149 |      0 |   1 |  223.0 |
               +--------+--------+--------+--------+--------+-----+--------+

Top non-repeatable levels by time:
     D:2: 1792 daAuts
     D:5: 1360 daAuts
     D:1: 1107 daAuts
     D:4: 772 daAuts
     D:3: 742 daAuts
     D:6: 518 daAuts
 Ossuary: 223 daAuts
